 Dungeon Crawl Stone Soup version 0.25-a0-565-g8875c97ebb (webtiles) character file.

Game seed: 4659522193758816790, levelgen mode: deterministic

301214 Flugslaktarn the Executioner (level 19, -1/200 HPs)
             Began as a Deep Dwarf Fighter on Feb 26, 2020.
             Was the Champion of Makhleb.
             Slain by a white draconian
             ... wielding a +2 vorpal glaive
              (11 damage)
             ... on level 5 of the Depths.
             The game lasted 00:19:19 (19977 turns).

Flugslaktarn the Executioner (Deep Dwarf Fighter)  Turns: 19977, Time: 00:19:19

Health: -1/200     AC: 24    Str: 42    XL:     19   Next: 78%
Magic:  9/9        EV:  7    Int: 16    God:    Makhleb [******]
Gold:   1111       SH: 16    Dex: 10    Spells: 18/18 levels left

rFire    + + .     SeeInvis +   H - +4 broad axe (flame)
rCold    . . .     Gourm    .   A - +0 kite shield {rC+}
rNeg     + + +     Faith    .   S - +0 fire dragon scales
rPois    .         Spirit   .   (no helmet)
rElec    .         Reflect  .   b - +1 cloak
rCorr    .         Harm     .   C - +2 pair of gloves of Ecesec {rN++}
MR       ++...                  D - +2 pair of boots "Ciuxzemp" {rN+ Int+4 Dex+3 Slay+2}
Stlth    ..........             g - amulet "Kiwixut" {RegenMP Str+7 Slay+3}
HPRegen  0.00/turn              f - ring of protection from fire
MPRegen  0.36/turn              O - ring "Leobbafu" {rF- Str+8 Int+2 Dex-3 SInv}

@: non-regenerating, constricted
A: damage resistance, heal wounds, clumsy 1, high mp 1, negative energy
resistance 1, sense surroundings 3, robust 1, wild magic 1, no regeneration
}: 3/15 runes: decaying, serpentine, silver
a: Heal Wounds, Minor Destruction, Lesser Servant of Makhleb, Major Destruction,
Greater Servant of Makhleb, Renounce Religion


You were on level 5 of the Depths.
You worshipped Makhleb.
Makhleb was exalted by your worship.
You were not hungry.

You visited 7 branches of the dungeon, and saw 38 of its levels.
You also visited: Ice Cave.

You collected 1856 gold pieces.
You spent 745 gold pieces at shops.

Inventory:

Hand Weapons
 H - a +4 broad axe of flaming (weapon)
   (You took it off Maggie on level 10 of the Dungeon)
Armour
 b - a +1 cloak (worn)
   (You took it off Crazy Yiuf on level 4 of the Dungeon)
 c - a +0 kite shield
 A - a +0 kite shield of cold resistance (worn)
   (You found it in an ice cave)
 C - the +2 pair of gloves of Ecesec (worn) {rN++}
   (You found it on level 10 of the Dungeon)

   It greatly protects you from negative energy.
   If you remove this armour, your AC will decrease by 4 (24 -> 20).
 D - the +2 pair of boots "Ciuxzemp" (worn) {rN+ Int+4 Dex+3 Slay+2}
   (You acquired it on level 15 of the Dungeon)

   It affects your intelligence (+4).
   It affects your dexterity (+3).
   It affects your accuracy and damage with ranged weapons and melee attacks
   (+2).
   It protects you from negative energy.
   If you remove this armour, your AC will decrease by 4 (24 -> 20).
 F - a scarf of repulsion
   (You found it on level 2 of the Lair of Beasts)
 S - +0 fire dragon scales (worn)
   (You found it on level 3 of the Depths)
Jewellery
 f - a ring of protection from fire (left hand)
   (You found it on level 3 of the Dungeon)
 g - the amulet "Kiwixut" (around neck) {RegenMP Str+7 Slay+3}
   (You found it on level 12 of the Dungeon)

   [amulet of magic regeneration]

   It increases your magic regeneration.
   It affects your strength (+7).
   It affects your accuracy and damage with ranged weapons and melee attacks
   (+3).
 k - an uncursed ring of resist corrosion
   (You found it on level 1 of the Snake Pit)
 n - an uncursed ring of positive energy
   (You found it on level 9 of the Dungeon)
 I - an uncursed ring of protection from fire
   (You found it on level 4 of the Lair of Beasts)
 O - the ring "Leobbafu" (right hand) {rF- Str+8 Int+2 Dex-3 SInv}
   (You found it on level 1 of the Vaults)

   [ring of intelligence]

   It affects your strength (+8).
   It affects your intelligence (+2).
   It affects your dexterity (-3).
   It makes you vulnerable to fire.
   It lets you see invisible.
 R - a cursed amulet of inaccuracy {unknown}
   (You found it on level 5 of the Vaults)
Wands
 m - a wand of enslavement (14)
   (You found it on level 8 of the Dungeon)
 s - a wand of iceblast (9)
   (You found it on level 3 of the Depths)
 v - a wand of digging (7)
   (You found it on level 5 of the Vaults)
 y - a wand of acid (21)
   (You took it off Maurice on level 12 of the Dungeon)
Scrolls
 j - 10 scrolls of remove curse
 r - 2 scrolls of identify
 t - 11 scrolls of teleportation
 u - 2 scrolls of fog
 x - 4 scrolls of enchant armour
 z - 4 scrolls of fear
 B - 2 scrolls of magic mapping
 G - a scroll of silence
 J - a scroll of immolation
 K - a scroll of brand weapon
 N - a scroll of vulnerability {unknown}
 P - 2 scrolls of holy word
Potions
 a - 2 potions of mutation
 d - 4 potions of might
 h - 4 potions of haste
 i - 2 potions of magic
 l - 3 potions of ambrosia
 o - a potion of stabbing
 p - 7 potions of lignification
 q - 4 potions of curing
 w - 2 potions of heal wounds
 E - 3 potions of flight
 L - 2 potions of brilliance
 M - 5 potions of resistance
 Q - 2 potions of invisibility {unknown}
Comestibles
 e - 38 rations
 T - 2 chunks of flesh


   Skills:
 + Level 14.0 Fighting
 * Level 21.7 Axes
 + Level 16.3 Armour
 + Level 16.4 Shields
 + Level 17.7 Invocations


You had 18 spell levels left.
You didn't know any spells.
Your spell library was empty.

Dungeon Overview and Level Annotations

Branches:
Dungeon (15/15)            Temple (1/1) D:5            Lair (4/6) D:8
  Swamp (4/4) Lair:2        Snake (4/4) Lair:4          Orc (0/2) D:10
 Vaults (5/5) D:14         Depths (5/5) D:15            Zot (0/5) Depths:5
  IceCv (visited)
  Crypt: Vaults:2-3

Altars:
Ashenzari
Cheibriados
Elyvilon
Fedhas
Gozag
Hepliaklqana
Kikubaaqudgha
Makhleb
Nemelex Xobeh
Okawaru
Qazlal
Ru
Sif Muna
Trog
Uskayaw
Vehumet
Wu Jian
Xom
Yredelemnul
Zin
The Shining One

Shops:
D:5 *   D:8 [   D:12 [[(   Snake:1 }   Vaults:3 [}%

Portals:
Hell: Depths:3 Depths:5
Abyss: Depths:3
Pandemonium: Depths:2 Depths:3

Annotations:
D:4 exclusion: oklob plant
D:8 1 runed translucent door, Nefarium's ghost, novice OgWz
D:13 2 transporters, Cusualon's ghost, journeyman DrSk
Lair:4 2 transporters, Libuhoy's ghost, journeyman DEFE
Swamp:4 exclusion: 3 oklob plants


Innate Abilities, Weirdness & Mutations

You are resistant to damage.
You can heal yourself by infusing magical energy.
You resist negative energy. (rN+)
You passively map a large area around you.
You do not regenerate.
You are clumsy. (Dex -2)
You have an increased reservoir of magic. (+10% MP)
You are robust. (+10% HP)
Your spells are a little harder to cast, but a little more powerful.


Message History

The tentacled monstrosity constricts you.
The frost giant points at you and mumbles some strange words.
The bolt of cold hits you!!!
* * * LOW HITPOINT WARNING * * *
The lindwurm closely misses you.
The lindwurm claws you but does no damage.
You block the lindwurm's attack.
You slice the frost giant!! You burn the frost giant!
The frost giant is heavily wounded.
You hit the swamp drake. You burn the swamp drake. You hit the lindwurm.
You burn the lindwurm. You hit the white draconian.
You burn the white draconian. You slice the bone dragon!!
You burn the bone dragon. You slice the tentacled monstrosity!!
You burn the tentacled monstrosity.
The white draconian seems less confused.
You block the bone dragon's attack. The bone dragon claws you!
* * * LOW HITPOINT WARNING * * *
You block the bone dragon's attack.
The white draconian hits you from afar with a +2 vorpal glaive!
You die...

#≈§§.....$.........
≈* ,≈..
.≈q§...............≈,
, .≈≈≈.§.............
, ,
...................,,
,* *
................... *
...................,,
,
*..........§........
, *
........##dkk##...∩ ,
, ,, .......#.d@Cd#
... , , **
........(.DX...... ,
* , *
.........∩.......,
,,,, *
,................ ,
*≈ * ....#.....#...?
, , ....##...##.... ,
,... ..... ... ,, ,
*, , .., ,..... ,.. ,
,,*, * , , , , , ,


You could see a bone dragon, a tentacled monstrosity, a frost giant, a purple
draconian, 2 draconians, a lindwurm and a swamp drake.

Vanquished Creatures
  An ancient lich (Vaults:5)
  A tentacled monstrosity (Vaults:5)
  A titan (Vaults:5)
  A quicksilver dragon (Depths:4)
  2 liches (Depths:3)
  A sphinx (Vaults:3)
  A shadow dragon (Depths:5)
  7 thorn hunters
  A tengu reaver (Vaults:5)
  8 nagarajas (Snake:4)
  2 fire giants (Vaults:4)
  4 vault wardens
  A frost giant (IceCv)
  An orc warlord (Vaults:1)
  2 hydra zombies (Swamp:4)
  A balrug (Depths:3)
  An iron dragon (Vaults:5)
  A war gargoyle (Vaults:5)
  A draconian stormcaller (Depths:5)
  6 ironheart preservers
  10 very ugly things (Depths:3)
  4 stone giants
  3 vampire knights
  A deep elf demonologist (Vaults:5)
  An entropy weaver (Vaults:4)
  8 spark wasps
  A white draconian (Depths:5)
  A crystal guardian (Vaults:4)
  3 ettins
  Erolcha (D:10)
  3 ogre magi
  A deep elf high priest (Vaults:5)
  5 fire dragons
  6 yaktaur captains
  2 great orbs of eyes
  Fannar (D:10)
  2 ice dragons
  9 hydras
  2 rakshasas (Depths:1)
  2 naga warriors
  12 vault guards
  A shambling mangrove (Swamp:4)
  8 centaur warriors
  A death knight (Vaults:5)
  14 anacondas
  2 dancing weapons
  14 two-headed ogres
  11 alligators
  7 deep troll shamans
  A soul eater (Depths:3)
  5 tengu warriors
  A titan zombie (D:15)
  6 shock serpents
  Urug (Lair:3)
  13 naga sharpshooters
  6 deep elf knights
  A shadow wraith (Vaults:1)
  2 iron trolls (Depths:3)
  A storm dragon skeleton (Depths:1)
  5 hell knights (Depths:4)
  6 skeletal warriors
  2 flayed ghosts (Swamp:4)
  A deep troll (shapeshifter) (Vaults:5)
  4 spriggan druids
  14 deep trolls
  5 unseen horrors
  9 naga ritualists
  3 spectral hydras (Swamp:4)
  A deep elf archer (Vaults:1)
  2 wizards
  5 phantasmal warriors
  3 swamp dragons (Swamp:4)
  7 ironbrand convokers
  A harpy (shapeshifter) (D:15)
  2 glowing orange brains
  6 orc knights
  7 mana vipers
  6 necromancers
  A stone giant zombie (D:15)
  28 ugly things
  5 cyclopes
  3 wolf spider zombies
  2 wolf spiders
  11 deep elf magi
  A manticore (D:13)
  2 human skeletons (Vaults:1)
  2 salamanders
  2 spriggan zombies (Depths:1)
  7 vault sentinels
  2 elephants
  An elephant (shapeshifter) (Depths:4)
  A black mamba (shapeshifter) (D:15)
  Maurice (D:12)
  6 naga magi
  2 ice statues (IceCv)
  4 centaur skeletons
  14 guardian serpents (Snake:4)
  A smoke demon (Depths:3)
  3 gargoyles
  14 black mambas
  9 spiny frogs
  A torpor snail (Lair:3)
  A yaktaur zombie (D:15)
  2 freezing wraiths
  Maggie (D:10)
  6 yaktaurs
  A hellwing (Depths:3)
  4 komodo dragons
  5 tyrant leeches
  A meliai (shapeshifter) (Vaults:5)
  2 tengu conjurers (Depths:3)
  7 trolls
  5 hornets
  13 polar bears (IceCv)
  3 slime creatures (Swamp:4)
  A death drake zombie (Swamp:4)
  A slime creature (shapeshifter) (Depths:3)
  7 blink frogs
  8 bog bodies
  A hydra skeleton (Swamp:4)
  A death drake skeleton (Swamp:4)
  6 hippogriffs
  A fire dragon zombie (D:15)
  A meliai zombie (D:12)
  An ettin skeleton (Vaults:1)
  A fire dragon skeleton (Depths:1)
  A vampire (D:13)
  6 spriggans
  A redback (Vaults:4)
  A shadow (D:14)
  40 yaks
  3 wraiths
  3 wyverns (D:11)
  2 basilisks
  A chaos spawn (Depths:3)
  A steam dragon (D:10)
  2 human simulacra
  5 hungry ghosts
  10 vampire mosquitoes
  27 nagas
  2 wargs (D:10)
  An acid dragon (D:14)
  5 swamp worms
  3 hydra simulacra (Swamp:4)
  An ogre zombie (Vaults:1)
  7 porcupines
  4 water moccasins
  7 ice beasts
  7 swamp drakes
  14 orc warriors
  4 phantoms
  4 sky beasts
  2 swamp dragon zombies (Swamp:4)
  3 necrophages
  An ettin simulacrum (Vaults:1)
  2 eyes of draining
  2 black bears
  8 ogres
  24 wolves
  17 centaurs
  6 crocodiles
  A swamp dragon skeleton (Swamp:4)
  A human zombie (Vaults:1)
  A big kobold (D:10)
  19 bullfrogs
  A gnoll sergeant (D:8)
  An ogre simulacrum (Vaults:1)
  6 scorpions
  2 wyvern skeletons
  16 killer bees
  A wight (D:9)
  8 howler monkeys
  2 electric eels (Lair:2)
  2 bullfrog zombies
  7 crimson imps
  2 quasits
  2 centaur zombies
  Crazy Yiuf (D:4)
  6 jellies
  9 orc priests
  4 hounds
  6 bullfrog skeletons
  2 iguanas
  11 orc wizards
  8 worker ants
  A spectral hound (D:10)
  2 hound zombies (D:6)
  A hound skeleton (D:6)
  A howler monkey zombie (D:6)
  A worker ant zombie (D:11)
  8 gnolls
  6 adders
  4 shadow imps
  A white imp (D:5)
  2 oozes
  An adder skeleton (D:10)
  2 worms
  A dart slug (D:3)
  2 leopard geckos
  55 orcs
  A bat (D:3)
  2 giant cockroaches (D:3)
  3 goblins
  A hobgoblin (D:1)
  10 jackals
  2 kobolds (D:1)
  2 quokkas
  A frilled lizard (D:4)
  A giant cockroach zombie (D:5)
  2 rats
  10 briar patches
  A fungus (Lair:2)
  A plant (D:9)
980 creatures vanquished.

Vanquished Creatures (collateral kills)
  Rupert (D:14)
  Nessos (D:14)
  A swamp worm (Swamp:4)
  A swamp dragon zombie (Swamp:4)
4 creatures vanquished.

Vanquished Creatures (others)
  A hydra (Swamp:4)
  A two-headed ogre (Vaults:1)
  A necromancer (Depths:4)
  A naga mage (Snake:4)
  A spriggan (Swamp:4)
  2 orcs
  7 briar patches (Swamp:4)
  A fungus (Lair:2)
  6 plants
  17 toadstools (D:4)
38 creatures vanquished.

Grand Total: 1022 creatures vanquished

Notes
Turn   | Place    | Note
-------+----------+-------------------------------------------
     0 | D:1      | Flugslaktarn the Deep Dwarf Fighter began the quest for the
                  | Orb.
     0 | D:1      | Reached XP level 1. HP: 20/20 MP: 1/1
    37 | D:1      | Reached XP level 2. HP: 27/27 MP: 2/2
   138 | D:3      | Found a shimmering altar of Xom.
   384 | D:4      | Noticed a howler monkey
   397 | D:4      | Killed a howler monkey
   397 | D:4      | Reached skill level 3 in Axes
   397 | D:4      | Reached XP level 3. HP: 21/34 MP: 3/3
   409 | D:4      | Reached XP level 4. HP: 42/42 MP: 3/3
   484 | D:4      | Reached skill level 4 in Axes
   484 | D:4      | Reached XP level 5. HP: 37/49 MP: 4/4
   576 | D:4      | Found a sacrificial altar of Ru.
   658 | D:4      | Noticed an orc warrior
   682 | D:4      | Killed an orc warrior
   682 | D:4      | Reached XP level 6. HP: 23/57 MP: 3/3
   864 | D:4      | Found a runed translucent door.
   865 | D:4      | Noticed Crazy Yiuf
   932 | D:4      | Reached skill level 5 in Axes
  1101 | D:4      | Found a blossoming altar of Fedhas.
  1118 | D:4      | Noticed an oklob plant
  1285 | D:4      | Killed Crazy Yiuf
  1340 | D:5      | Entered Level 5 of the Dungeon
  1344 | D:5      | Found a staircase to the Ecumenical Temple.
  1358 | Temple   | Entered the Ecumenical Temple
  1535 | D:5      | Noticed a sky beast
  1552 | D:5      | Killed a sky beast
  1552 | D:5      | Reached XP level 7. HP: 27/64 MP: 4/4
  1594 | D:5      | Reached skill level 5 in Armour
  1594 | D:5      | Reached skill level 5 in Shields
  1662 | D:5      | Reached skill level 6 in Axes
  1895 | D:5      | Found Erolueda's General Store.
  1903 | D:5      | Bought a potion of heal wounds for 60 gold pieces
  2190 | D:5      | Reached XP level 8. HP: 57/73 MP: 3/3
  2282 | D:6      | Reached skill level 7 in Axes
  2437 | D:6      | Reached skill level 5 in Fighting
  2522 | D:6      | Noticed a hippogriff
  2543 | D:6      | Killed a hippogriff
  2543 | D:6      | Reached skill level 8 in Axes
  2551 | D:6      | Noticed a hippogriff
  2561 | D:6      | Killed a hippogriff
  2586 | D:6      | Gained mutation: You passively map the area around you.
                  | [Deep Dwarf growth]
  2586 | D:6      | Reached XP level 9. HP: 19/81 MP: 1/1
  2706 | D:6      | Found a burning altar of Makhleb.
  2727 | D:6      | Became a worshipper of Makhleb the Destroyer
  2883 | D:7      | Reached skill level 1 in Invocations
  2944 | D:7      | Found a snail-covered altar of Cheibriados.
  2961 | D:7      | Reached skill level 9 in Axes
  3392 | D:7      | Found a sparkling altar of Nemelex Xobeh.
  3392 | D:7      | Found an opulent altar of Gozag.
  3543 | D:8      | Reached * piety under Makhleb
  3739 | D:8      | Found a staircase to the Lair.
  3739 | D:8      | Noticed an elephant
  3759 | D:8      | Killed an elephant
  3769 | D:8      | Reached skill level 10 in Axes
  3769 | D:8      | Reached XP level 10. HP: 30/92 MP: 2/2
  3816 | D:8      | Found Jeagruol's Antique Armour Shop.
  3839 | D:8      | Bought a glowing chain mail for 202 gold pieces
  3978 | D:8      | Noticed a two-headed ogre
  3987 | D:8      | Reached ** piety under Makhleb
  3997 | D:8      | Killed a two-headed ogre
  3997 | D:8      | Reached skill level 5 in Invocations
  4423 | D:8      | Found a runed translucent door.
  4424 | D:8      | Noticed Nefarium's ghost (novice OgWz)
  4687 | D:9      | Reached skill level 11 in Axes
  4912 | D:9      | Noticed a tengu warrior
  4936 | D:9      | Killed a tengu warrior
  5028 | D:9      | Noticed a deep elf mage
  5043 | D:9      | Reached XP level 11. HP: 66/100 MP: 3/3
  5049 | D:9      | Killed a deep elf mage
  5134 | D:9      | Noticed a fire dragon
  5157 | D:10     | Entered Level 10 of the Dungeon
  5158 | D:10     | Noticed Fannar
  5216 | D:10     | Killed Fannar
  5259 | D:10     | Found a staircase to the Orcish Mines.
  5337 | D:10     | Noticed Maggie
  5353 | D:10     | Killed Maggie
  5355 | D:10     | Reached *** piety under Makhleb
  5445 | D:10     | Noticed a centaur warrior
  5458 | D:10     | Killed a centaur warrior
  5458 | D:10     | Reached skill level 12 in Axes
  5483 | D:10     | Noticed an ice dragon
  5484 | D:10     | Noticed a wolf spider
  5487 | D:10     | Killed a wolf spider
  5503 | D:10     | Killed an ice dragon
  5512 | D:10     | Got a pair of encrusted gloves
  5521 | D:10     | Identified the +2 pair of gloves of Ecesec {rN++} (You
                  | found it on level 10 of the Dungeon)
  5711 | D:10     | Noticed Erolcha
  5720 | D:10     | Killed Erolcha
  5960 | D:11     | Noticed a centaur warrior
  5978 | D:11     | Killed a centaur warrior
  6096 | D:11     | Killed an unseen horror
  6096 | D:11     | Reached XP level 12. HP: 60/111 MP: 5/5
  6247 | D:11     | Reached **** piety under Makhleb
  6572 | D:12     | Reached skill level 13 in Axes
  6590 | D:12     | Reached skill level 10 in Armour
  6653 | D:12     | Reached skill level 10 in Shields
  6911 | D:12     | Noticed a two-headed ogre
  6914 | D:12     | Killed a two-headed ogre
  6920 | D:12     | Found Qutica's Antique Armour Boutique.
  6923 | D:12     | Bought a shiny chain mail for 217 gold pieces
  6952 | D:12     | Found Lush's Weapon Emporium.
  6993 | D:12     | Got a scintillating graven amulet
  7025 | D:12     | Noticed Maurice
  7032 | D:12     | Killed Maurice
  7065 | D:12     | Found Paygg's Antique Armour Emporium.
  7401 | D:13     | Reached ***** piety under Makhleb
  7499 | D:13     | Identified the amulet "Kiwixut" {RegenMP Str+7 Slay+3} (You
                  | found it on level 12 of the Dungeon)
  7642 | D:13     | Noticed Cusualon's ghost (journeyman DrSk)
  7646 | D:13     | Found a transporter.
  7736 | D:13     | Found a transporter.
  7779 | D:13     | Noticed a tengu warrior
  7785 | D:13     | Killed a tengu warrior
  7785 | D:13     | Reached skill level 14 in Axes
  8055 | D:13     | Reached skill level 10 in Invocations
  8059 | D:13     | Reached XP level 13. HP: 121/121 MP: 7/7
  8387 | D:14     | HP: 3/121 [+4 long sword (15)]
  8474 | D:14     | Noticed Nessos
  8489 | D:14     | You fall into a shaft and drop 1 floor!
  8489 | D:15     | Entered Level 15 of the Dungeon
  8489 | D:15     | Found a staircase to the Depths.
  8573 | D:15     | Reached skill level 15 in Axes
  8706 | D:15     | Noticed a fire dragon
  8717 | D:15     | Killed a fire dragon
  9158 | D:15     | Identified a scroll of acquirement
  9159 | D:15     | Identified the +2 pair of boots "Ciuxzemp" {rN+ Int+4 Dex+3
                  | Slay+2} (You acquired it on level 15 of the Dungeon)
  9436 | D:14     | Killed Nessos
  9447 | D:14     | Noticed Rupert
  9478 | D:14     | Killed Rupert
  9478 | D:14     | Reached skill level 10 in Fighting
  9478 | D:14     | Gained mutation: You resist negative energy. (rN+) [Deep
                  | Dwarf growth]
  9478 | D:14     | Reached XP level 14. HP: 54/132 MP: 6/6
  9525 | D:14     | Found a gate to the Vaults.
  9854 | Lair:1   | Entered Level 1 of the Lair of Beasts
 10074 | Lair:2   | Found a staircase to the Swamp.
 10953 | Lair:3   | Reached skill level 16 in Axes
 10998 | Lair:3   | Got an ancient steel amulet
 11091 | Lair:3   | Reached ****** piety under Makhleb
 11092 | Lair:3   | Identified the amulet of Nuodek {Spirit Str+4 Int+2 Slay-6
                  | Stlth+} (You found it on level 3 of the Lair of Beasts)
 11315 | Lair:3   | Noticed Urug
 11324 | Lair:3   | Killed Urug
 11580 | Lair:4   | Noticed Libuhoy's ghost (journeyman DEFE)
 11581 | Lair:4   | Found a transporter.
 11614 | Lair:4   | Found a frozen archway.
 11712 | IceCv    | Entered an ice cave
 12074 | IceCv    | Noticed a frost giant
 12088 | IceCv    | Killed a frost giant
 12538 | Lair:4   | Found a staircase to the Snake Pit.
 12758 | Lair:4   | Found a transporter.
 13091 | Lair:4   | Got an ichor-stained war axe
 13092 | Lair:4   | Identified the +1 war axe "Osasty" {freeze, rC+ Dex+2} (You
                  | found it on level 4 of the Lair of Beasts)
 13180 | Swamp:1  | Entered Level 1 of the Swamp
 13225 | Swamp:2  | Noticed a thorn hunter
 13238 | Swamp:2  | Killed a thorn hunter
 13287 | Swamp:2  | Reached XP level 15. HP: 104/140 MP: 8/8
 13353 | Swamp:2  | Noticed a thorn hunter
 13364 | Swamp:2  | Killed a thorn hunter
 13366 | Swamp:2  | Gained mutation: You are frail. (-10% HP) [potion of
                  | mutation]
 13366 | Swamp:2  | Gained mutation: Potions are less effective at restoring
                  | your health. [potion of mutation]
 13366 | Swamp:2  | Gained mutation: You are resistant to hostile enchantments.
                  | (MR+) [potion of mutation]
 13366 | Swamp:2  | Gained mutation: You have an increased reservoir of magic.
                  | (+10% MP) [potion of mutation]
 13367 | Swamp:2  | Lost mutation: Potions are less effective at restoring your
                  | health. [potion of mutation]
 13367 | Swamp:2  | Lost mutation: You are frail. (-10% HP) [potion of
                  | mutation]
 13367 | Swamp:2  | Lost mutation: You are resistant to hostile enchantments.
                  | (MR+) [potion of mutation]
 13367 | Swamp:2  | Gained mutation: You are clumsy. (Dex -2) [potion of
                  | mutation]
 13367 | Swamp:2  | Gained mutation: You are robust. (+10% HP) [potion of
                  | mutation]
 13367 | Swamp:2  | Gained mutation: Your spells are a little harder to cast,
                  | but a little more powerful. [potion of mutation]
 13475 | Swamp:4  | Entered Level 4 of the Swamp
 13487 | Swamp:4  | Noticed a thorn hunter
 13507 | Swamp:4  | Killed a thorn hunter
 13507 | Swamp:4  | Reached skill level 17 in Axes
 14021 | Swamp:4  | Noticed a thorn hunter
 14029 | Swamp:4  | Noticed a thorn hunter
 14032 | Swamp:4  | Noticed a thorn hunter
 14047 | Swamp:4  | Killed a thorn hunter
 14048 | Swamp:4  | Killed a thorn hunter
 14056 | Swamp:4  | Killed a thorn hunter
 14113 | Swamp:4  | Found a blossoming altar of Fedhas.
 14113 | Swamp:4  | Noticed a thorn hunter
 14142 | Swamp:4  | Killed a thorn hunter
 14149 | Swamp:4  | Reached XP level 16. HP: 121/166 MP: 10/10
 14179 | Swamp:4  | Found a basalt altar of Yredelemnul.
 14428 | Swamp:4  | Got a decaying rune of Zot
 14607 | Snake:1  | Entered Level 1 of the Snake Pit
 14757 | Snake:1  | Found Famenent's Gadget Emporium.
 14949 | Snake:1  | Reached skill level 18 in Axes
 15556 | Snake:4  | Entered Level 4 of the Snake Pit
 15898 | Snake:4  | Reached XP level 17. HP: 131/174 MP: 10/10
 15914 | Snake:4  | Reached skill level 19 in Axes
 15918 | Snake:4  | Reached skill level 15 in Invocations
 16060 | Snake:4  | Got a serpentine rune of Zot
 16426 | D:9      | Found an iron altar of Okawaru.
 16426 | D:9      | Found a shimmering blue altar of Sif Muna.
 16433 | D:9      | Found a hazy altar of Hepliaklqana.
 16435 | D:9      | Found a hide-covered altar of Uskayaw.
 16437 | D:9      | Found a faded altar of an unknown god.
 16489 | D:9      | Found an ornate altar of the Wu Jian Council.
 16863 | Vaults:1 | Entered Level 1 of the Vaults
 17149 | Vaults:1 | Got a sparkling wooden ring
 17713 | Vaults:2 | Reached skill level 15 in Shields
 17716 | Vaults:2 | Reached skill level 15 in Armour
 17748 | Vaults:3 | Found Nuridd's Gadget Boutique.
 17754 | Vaults:3 | Found Zemo's Antique Armour Shop.
 17767 | Vaults:3 | Bought a pair of bloodstained boots for 266 gold pieces
 17778 | Vaults:3 | Identified the +0 pair of boots "Aroh" {rC+ Str+5} (You
                  | bought it in a shop on level 3 of the Vaults)
 17801 | Vaults:3 | Found Duoq's Food Shop.
 17823 | Vaults:3 | Reached skill level 20 in Axes
 17823 | Vaults:3 | Gained mutation: You passively map a large area around you.
                  | [Deep Dwarf growth]
 17823 | Vaults:3 | Reached XP level 18. HP: 187/187 MP: 11/11
 18278 | Vaults:5 | Entered Level 5 of the Vaults
 18281 | Vaults:5 | Noticed an ancient lich
 18305 | Vaults:5 | Noticed a tentacled monstrosity
 18319 | Vaults:5 | Killed a tentacled monstrosity
 18359 | Vaults:5 | Killed an ancient lich
 18462 | Vaults:5 | Got a silver rune of Zot
 18551 | Vaults:5 | Identified the ring "Zewn" {+Fly Dex+6 SInv Stlth-}
 18887 | Depths:1 | Entered Level 1 of the Depths
 18903 | Depths:1 | Reached skill level 21 in Axes
 18903 | Depths:1 | Reached XP level 19. HP: 80/198 MP: 12/12
 18948 | Depths:1 | Identified the ring "Leobbafu" {rF- Str+8 Int+2 Dex-3 SInv}
                  | (You found it on level 1 of the Vaults)
 18964 | Depths:2 | Found a one-way gate leading to the halls of Pandemonium.
 19076 | Depths:3 | Found a one-way gate to the infinite horrors of the Abyss.
 19273 | Depths:3 | Found a gateway to Hell.
 19553 | Depths:3 | Noticed a lich
 19563 | Depths:3 | HP: 4/199 [acid (8)]
 19569 | Depths:3 | Killed a lich
 19893 | Depths:5 | Entered Level 5 of the Depths
 19957 | Depths:5 | Found a gate to the Realm of Zot.
 19967 | Depths:5 | Noticed a bone dragon
 19977 | Depths:5 | HP: 10/200 [bone dragon (10)]
 19977 | Depths:5 | Slain by a white draconian

Levels and vault maps discovered:
D:1:      psy_arrival_whirlpool, layout_loops_ring, minivault_27
D:2:      layout_rooms, minmay_pentomino_r2
D:3:      layout_basic, nicolae_dithmenos_shadow_blocks, old_standard_altar
D:4:      layout_loops_ring, lemuel_round_altar, first_ration, tgw_fedhas,
          uniq_crazy_yiuf_cottage
D:5:      layout_loops_ring, minmay_temple_entry_glassed_door, serial_shops,
          nicolae_shop_crystal, minmay_hedge_maze, minmay_fire_ice_demons
D:6:      layout_rooms, makhleb_blood_cavern_becter, minmay_manual_mail
D:7:      layout_cave_pools, grunt_temple_overflow_opulence, cheibriados_altar_1
D:8:      layout_basic, david_lair_generic, ebering_ghost_reflecting_pool,
          serial_shops, shop
D:9:      layout_loops_ring, lemuel_crystal_altar,
          chequers_temple_overflow_minitemple, minmay_shattered_shrine
D:10:     minmay_the_grid_net [minmay_the_grid_diamond_grid,
          minmay_the_grid_slots, minmay_the_grid_outer_diamond,
          minmay_the_grid_outer_circle, minmay_the_grid_stretched_grid,
          minmay_the_grid_prize_diamond_cup], layout_rooms,
          minmay_orc_entry_guard_dogs, serial_glass, glass_columns_a,
          glass_columns_b, blue_anna_alchemist [blue_anna_fruit_fields,
          blue_anna_fruit_fields], kennysheep_crisscross,
          hangedman_weighted_door, uniq_erolcha, uniq_maggie, uniq_fannar
D:11:     layout_loops_cross, chequers_serial_rivers_micro_c
D:12:     layout_roguey, serial_shops, nicolae_shop_trees,
          nicolae_shop_behind_doors, shop, uniq_maurice
D:13:     layout_long_grid, gammafunk_ghost_hive, minmay_misc_feat_rugged,
          chequers_garden, minivault_20, minmay_fractal_squares_gapless_7
D:14:     layout_rooms, erik_vaults_1, minmay_misc_feat_ornament, uniq_nessos,
          uniq_rupert
D:15:     gammafunk_depths_entry_grave, layout_basic,
          chequers_serial_rivers_small_3
Temple:   eino_wide_crystal_templ
Lair:1:   layout_cave_pods, special_room [special_room_bee],
          hangedman_lair_unloving_vines, beast_lair_carwin_11,
          grunt_megastairs_4
Lair:2:   layout_chaotic_city, nicolae_swamp_entry_splash_gauntlet,
          beast_lair_carwin_7
Lair:3:   layout_loops_ring, special_room, hangedman_lair_generics_rect,
          uniq_urug
Lair:4:   layout_regular_city, guppyfry_snake_entry_island,
          gammafunk_ghost_hive, portal_ice_cave_entry_pillars_2,
          lemuel_fruit_fields
Swamp:1:  layout_falls_marsh, nicolae_swamp_treefoil,
          infiniplex_staircase_pool_2, uniq_frances
Swamp:2:  layout_falls_marsh, evilmike_swamp_ruin_rubble_1, swamp_pool2
Swamp:3:  layout_falls_marsh, evilmike_swamp_ruin_house_4, swamp_pool1
Swamp:4:  byrel_swamp_growth_death_and_undeath, layout_basic_swamp
Snake:1:  layout_basic, serial_shops, nicolae_shop_competitors_out_of_business,
          drop_trap, serial_bayou_shore_b
Snake:2:  layout_misc_corridors
Snake:3:  layout_grid_shapes, serial_bayou_shore_b, minmay_shop_star
Snake:4:  grunt_snake_rune_serpentine_throne, layout_cave_town, serial_shops,
          nicolae_shop_behind_doors
Vaults:1: v_misc_11, vaults_room_semicircle, ontoclasm_vaults_pinch,
          vaults_room_grunt_arrival_ludios, vaults_dpeg_ring, v_misc_11,
          v_misc_31, v_pattern_3, grunt_vaults_funneled_arena, v_rooms_6,
          grunt_vaults_focal, nicolae_vaults_big_angled_halls, v_misc_25,
          vaults_dpeg_diagonal, v_misc_15, layout_vaults_omnibox, serial_glass
Vaults:2: nicolae_vaults_quartermaster, nicolae_vaults_asterisk, v_misc_19,
          nicolae_vaults_border_crossing, v_misc_32, v_pattern_4,
          nicolae_vaults_angled_halls, hangedman_vaults_river_flow, v_misc_17,
          nicolae_vaults_little_squares_5, ontoclasm_vaults_shuriken,
          vaults_room_semicircle, layout_vaults_maze_snakey
Vaults:3: blue_anna_dwarven_crypt, vaults_room_hallway, v_rooms_4, v_misc_27,
          hangedman_vaults_variations, ontoclasm_vaults_eye,
          nicolae_vaults_network_quinsquares
          [nicolae_vaults_network_quincunx_subvault,
          nicolae_vaults_network_quincunx_subvault,
          nicolae_vaults_network_quincunx_subvault,
          nicolae_vaults_network_quincunx_subvault], hangedman_vaults_unwind,
          ontoclasm_vaults_ring_large, v_misc_14, nicolae_vaults_specimen_jars,
          layout_vaults_big_cross, serial_shops, nicolae_shop_stone,
          nicolae_shop_trees, shop_fountains, shop
Vaults:4: v_misc_25, v_misc_4, v_rooms_2, ontoclasm_vaults_fault, v_pattern_5,
          nicolae_vaults_little_squares_2, nicolae_vaults_little_squares_5,
          vaults_room_door_hall, grunt_vaults_hallway_short,
          vaults_room_door_ring, nicolae_vaults_mini_display_case,
          nicolae_vaults_alarming, ontoclasm_vaults_loading_screen,
          layout_vaults_omnigrid
Vaults:5: serial_shops
Depths:1: layout_cross, hell_entry, chequers_serial_rivers_small_b,
          nemelex_diamond_rough_becter
Depths:2: evilmike_marble_ring, layout_cave_pools, grunt_mini_vestibule,
          abyss_entry_small_statue_room, pan_entry
Depths:3: thingy_vault_2, layout_basic, glass_columns_c, rand_demon_pan_entry_8,
          abyss_entry, hell_entry
Depths:4: nicolae_whirlpool, layout_gridville, minmay_misc_feat_chi,
          nicolae_abyss_entry_one_way_or_another, hangedman_coc_ice_floe,
          serial_shops, nicolae_shop_overgrown_old_shop, nicolae_shop_crystal,
          shop, nicolae_shop_window_shopping, serial_bayou_lagoon_a,
          serial_bayou_shore_a, uniq_margery
Depths:5: evilmike_zot_entry_argh, layout_cave_pools, enter_ziggurat_d,
          hex_medium, hell_entry, minmay_multi_spiral

Skill      XL: |  1  2  3  4  5  6  7  8  9 10 11 12 13 14 15 16 17 18 19 |
---------------+----------------------------------------------------------+-----
Fighting       | 3 4 5 6 7 8 9 10 11 12 13 14 | 14.0
Axes           | 3 4 5 6 8 10 11 12 14 15 16 17 18 20 21 | 21.7
Armour         | 4 5 6 7 8 9 10 11 12 13 14 15 16 | 16.3
Shields        | 4 5 6 7 8 9 10 11 12 13 14 15 16 | 16.4
Invocations    | 3 6 8 10 11 12 13 14 15 16 17 | 17.7

Action                   |  1- 3 |  4- 6 |  7- 9 | 10-12 | 13-15 | 16-18 | 19-21 || total
-------------------------+-------+-------+-------+-------+-------+-------+-------++-------
Melee: War axe           |    63 |   128 |   432 |   373 |       |       |       ||   996
       Broad axe         |       |       |       |   343 |   896 |   968 |   263 ||  2470
Invok: Lesser Servant of |       |       |       |       |     6 |     2 |       ||     8
 Abil: Heal Wounds       |     1 |     4 |    23 |    12 |    27 |    18 |    14 ||    99
Evoke: Wand              |       |       |       |       |     1 |     1 |       ||     2
  Use: Scroll            |       |       |    10 |     9 |    10 |     5 |       ||    34
       Potion            |       |       |       |     4 |     4 |       |     3 ||    11
 Stab: Distracted        |       |       |       |     1 |     1 |       |       ||     2
       Confused          |       |       |       |       |     1 |       |     3 ||     4
  Eat: Ration            |       |     1 |     1 |     1 |       |     1 |       ||     4
       Chunk             |       |       |     9 |    20 |    22 |    13 |     4 ||    68
Armor: Scale mail        |    34 |    43 |       |       |       |       |       ||    77
       Chain mail        |       |    24 |   223 |   491 |   410 |   186 |    50 ||  1384
       Swamp dragon scal |       |       |       |       |   105 |   130 |       ||   235
       Fire dragon scale |       |       |       |       |       |       |    92 ||    92
Dodge: Dodged            |    25 |    34 |   100 |   200 |   310 |   228 |    76 ||   973
       Deflected         |       |       |       |       |     8 |    39 |       ||    47
Block: Kite shield       |    25 |    63 |   295 |   493 |   695 |   603 |   201 ||  2375

Table legend:
 A = Non-vault XP
 B = Vault XP
 C = Vault XP percentage of total XP
 D = Non-vault monster count
 E = Vault monster count
 F = Vault count percentage of total count
                 A         B        C        D         E       F
            +---------+---------+-------+---------+---------+-------
      Total |  255712 |  197325 |  43.6 |     650 |     326 |  33.4
            +---------+---------+-------+---------+---------+-------
        D:1 |      15 |       0 |   0.0 |       6 |       0 |   0.0
        D:2 |       6 |       0 |   0.0 |       2 |       0 |   0.0
        D:3 |      16 |       0 |   0.0 |       7 |       0 |   0.0
        D:4 |     469 |      42 |   8.2 |      18 |       1 |   5.3
        D:5 |     977 |      60 |   5.8 |      22 |       2 |   8.3
        D:6 |    1002 |     521 |  34.2 |      16 |       5 |  23.8
        D:7 |    1242 |       0 |   0.0 |      23 |       0 |   0.0
        D:8 |    3427 |     962 |  21.9 |      47 |       4 |   7.8
        D:9 |    1887 |    2296 |  54.9 |      15 |      10 |  40.0
       D:10 |    1698 |    6620 |  79.6 |      16 |      20 |  55.6
       D:11 |    3380 |       0 |   0.0 |      23 |       0 |   0.0
       D:12 |    7963 |     445 |   5.3 |      35 |       1 |   2.8
       D:13 |    4934 |    4297 |  46.5 |      29 |       9 |  23.7
       D:14 |   11401 |    4426 |  28.0 |      40 |       3 |   7.0
       D:15 |    7470 |    4879 |  39.5 |      14 |       8 |  36.4
     Lair:1 |    3028 |     911 |  23.1 |      13 |       5 |  27.8
     Lair:2 |    2361 |    2471 |  51.1 |      14 |      12 |  46.2
     Lair:3 |    4700 |    3025 |  39.2 |      23 |       6 |  20.7
     Lair:4 |    2325 |     642 |  21.6 |      11 |       4 |  26.7
    Swamp:1 |    1208 |       0 |   0.0 |       2 |       0 |   0.0
    Swamp:2 |   10540 |       0 |   0.0 |      17 |       0 |   0.0
    Swamp:3 |    1953 |       0 |   0.0 |       3 |       0 |   0.0
    Swamp:4 |   16451 |   27271 |  62.4 |      32 |      39 |  54.9
    Snake:1 |   10326 |       0 |   0.0 |      18 |       0 |   0.0
    Snake:2 |   11223 |       0 |   0.0 |      17 |       0 |   0.0
    Snake:3 |    7339 |       0 |   0.0 |      15 |       0 |   0.0
    Snake:4 |    2143 |   43986 |  95.4 |       4 |      62 |  93.9
   Vaults:1 |    7697 |   33951 |  81.5 |      14 |      52 |  78.8
   Vaults:2 |   11897 |       0 |   0.0 |      14 |       0 |   0.0
   Vaults:3 |   13110 |    2864 |  17.9 |      16 |       5 |  23.8
   Vaults:4 |   16099 |    4319 |  21.2 |      24 |      10 |  29.4
   Vaults:5 |   13778 |   35940 |  72.3 |      21 |      24 |  53.3
   Depths:1 |   15012 |       0 |   0.0 |      17 |       0 |   0.0
   Depths:3 |   46565 |    3434 |   6.9 |      48 |       5 |   9.4
   Depths:4 |   11688 |       0 |   0.0 |      13 |       0 |   0.0
   Depths:5 |     382 |    4519 |  92.2 |       1 |       3 |  75.0
      IceCv |       0 |    9444 | 100.0 |       0 |      36 | 100.0
            +---------+---------+-------+---------+---------+-------
